 Dungeon Crawl Stone Soup version 0.21-a0-273-g0785366 (webtiles) character file.

609 tilp the Firebug (level 7, -1/50 HPs)
             Began as a Hill Orc Fire Elementalist on Sept 16, 2017.
             Killed by divine providence
             ... invoked by an orc priest
              (14 damage)
             ... on level 4 of the Dungeon.
             The game lasted 00:14:09 (3942 turns).

tilp the Firebug (Hill Orc Fire Elementalist)       Turns: 3942, Time: 00:14:10

Health: -1/50      AC:  4    Str: 11    XL:     7   Next: 43%
Magic:  6/12       EV: 12    Int: 17    God:
Gold:   287        SH:  0    Dex: 11    Spells: 3/13 levels left

rFire    . . .     SeeInvis .   a - +1 whip (elec)
rCold    . . .     Gourm    .   (no shield)
rNeg     . . .     Faith    .   h - +0 robe
rPois    .         Spirit   .   x - +0 helmet
rElec    .         Reflect  .   (no cloak)
rCorr    .         Harm     .   (no gloves)
MR       .....                  f - +0 pair of boots
Stlth    ++........             (no amulet)
HPRegen  0.16/turn              (no ring)
MPRegen  0.13/turn              (no ring)

@: no status effects
A: no striking features
a: Convert to Beogh


You were on level 4 of the Dungeon.
You were not hungry.

You visited 1 branch of the dungeon, and saw 4 of its levels.

You collected 287 gold pieces.

Inventory:

Hand Weapons
 a - a +1 whip of electrocution (weapon)
 b - a +0 hunting sling
 m - a +0 mace
 r - a +0 hand axe
 w - a +0 spear
 F - a +1 dagger of draining
Missiles
 A - 26 sling bullets
Armour
 f - a +0 pair of boots (worn)
 h - a +0 robe (worn)
 x - a +0 helmet (worn)
Jewellery
 g - a +4 amulet of reflection {unknown}
 n - an uncursed amulet of rage {unknown}
 G - an uncursed ring of protection from cold {unknown}
Wands
 e - a wand of digging (9/24)
 y - a wand of polymorph (3/24)
 H - a wand of clouds (4/9)
Scrolls
 d - 4 scrolls of enchant weapon {unknown}
 i - a scroll of remove curse {unknown}
 j - a scroll of identify {unknown}
 l - 2 scrolls of teleportation {unknown}
 o - a scroll of recharging {unknown}
 t - 3 scrolls of blinking {unknown}
 C - a scroll of enchant armour {unknown}
 D - a scroll of random uselessness {unknown}
 I - a scroll of amnesia {unknown}
Potions
 k - a potion of curing
 p - 2 potions of degeneration {unknown}
 s - a potion of magic {unknown}
 z - a potion of heal wounds {unknown}
 B - a potion of mutation {unknown}
Books
 u - a book of Flames

   Spells                             Type                      Level
   a - Flame Tongue                   Conjuration/Fire             1
   b - Throw Flame                    Conjuration/Fire             2
   c - Conjure Flame                  Conjuration/Fire             3
   d - Inner Flame                    Hexes/Fire                   3
   e - Sticky Flame                   Conjuration/Fire             4
   f - Fireball                       Conjuration/Fire             5
Comestibles
 c - 6 bread rations
 q - 2 royal jellies
 v - 3 meat rations
 E - 3 chunks of flesh


   Skills:
 - Level 1.5 Dodging
 - Level 1.5 Stealth
 + Level 3.7 Spellcasting
 + Level 4.7 Conjurations
 + Level 5.6 Fire Magic


You had 3 spell levels left.
You knew the following spells:

 Your Spells              Type           Power        Failure   Level  Hunger
a - Flame Tongue          Conj/Fire      ###..        1%          1    None
b - Throw Flame           Conj/Fire      ###...       3%          2    ##.....
c - Conjure Flame         Conj/Fire      ###.....     6%          3    ###....
d - Sticky Flame          Conj/Fire      ###.....     19%         4    ####...


Dungeon Overview and Level Annotations

Branches:
Dungeon (4/15)
 Temple: D:4-7

Altars:
Qazlal
Yredelemnul


Message History

Casting: Flame Tongue
Confirm with . or Enter, or press ? or * to list all spells.
Aiming: Flame Tongue
Press: ? - help, Shift-Dir - straight line, f/p - orc priest
Aim: an orc priest, wielding a falchion of holy wrath and wearing a chain mail (severely wounded)
The flame tongue misses the orc.
The flame tongue hits the orc priest.
The orc priest is almost dead.
The orc hits you with a club.
* * * LOW HITPOINT WARNING * * *
Casting: Flame Tongue
Confirm with . or Enter, or press ? or * to list all spells.
Aiming: Flame Tongue
Press: ? - help, Shift-Dir - straight line, f/p - orc priest
Aim: an orc priest, wielding a falchion of holy wrath and wearing a chain mail (almost dead)
The flame tongue hits the orc.
The orc is heavily wounded.
The orc closely misses you.
The orc priest mumbles some strange prayers to Beogh against you.
Beogh smites you!
You die...

≈.≈#.#.##.......
§( ..
............# #.
#.#######.# #. #
#.# .## ######.#
..# .........
#.###.#
########.
#.....# #. #@#
.## #.
####.########o#
..# #.
......)o.%o..o#
#.# ##.
###.#########.#
#.# ... #.# #.#
.#. #.# ##.##
.#. #.#
###...####.#.
#.##
#.......##.#.
#..#
#.......(#.#.


You could see an orc priest and an orc.

Vanquished Creatures
  An ogre (D:4)
  A bullfrog (D:4)
  A howler monkey (D:4)
  A bullfrog zombie (D:2)
  3 hounds (D:4)
  An orc wizard (D:4)
  A worker ant (D:4)
  A hound skeleton (D:3)
  3 gnolls (D:4)
  11 adders
  A white imp (D:3)
  2 oozes
  An adder skeleton (D:4)
  A worm (D:3)
  A dart slug (D:3)
  2 leopard geckos (D:1)
  6 orcs
  6 giant cockroaches
  10 goblins
  4 hobgoblins
  7 jackals
  A quokka (D:4)
  9 bats
  5 frilled lizards
  9 kobolds
  6 rats
95 creatures vanquished.

Notes
Turn   | Place    | Note
-------+----------+-------------------------------------------
     0 | D:1      | tilp the Hill Orc Fire Elementalist began the quest for the Orb.
     0 | D:1      | Reached XP level 1. HP: 14/14 MP: 3/3
   311 | D:1      | Reached XP level 2. HP: 20/20 MP: 2/4
   315 | D:1      | Learned a level 2 spell: Throw Flame
   795 | D:1      | Reached XP level 3. HP: 25/26 MP: 3/5
  1249 | D:2      | Reached XP level 4. HP: 33/33 MP: 7/7
  1380 | D:2      | Reached skill level 4 in Fire Magic
  1647 | D:2      | Reached XP level 5. HP: 38/38 MP: 5/8
  1796 | D:2      | Learned a level 3 spell: Conjure Flame
  2351 | D:3      | Noticed Grinder
  2353 | D:3      | Noticed Grinder
  2353 | D:3      | Grinder changed into Grinder the iron imp
  2355 | D:3      | Noticed Grinder
  2355 | D:3      | Grinder the iron imp changed into Grinder the white imp
  2357 | D:3      | Killed Grinder the white imp
  2686 | D:3      | Reached XP level 6. HP: 43/45 MP: 10/10
  3133 | D:4      | Found a basalt altar of Yredelemnul.
  3428 | D:4      | Learned a level 4 spell: Sticky Flame
  3503 | D:4      | Reached skill level 5 in Fire Magic
  3595 | D:4      | Found a stormy altar of Qazlal.
  3651 | D:4      | Reached XP level 7. HP: 48/50 MP: 0/12
  3942 | D:4      | Killed from afar by an orc priest

Vault maps used:
D:1:      lightli_arrival_lavapool
D:2:      first_bread, serial_glass, glass_columns_b, glass_columns_b,
          glass_columns_a, glass_columns_c, glass_columns_a, glass_columns_a
D:3:      uniq_grinder
D:4:      nicolae_overflow_crystal_walls, grunt_decor_arrowhead,
          grunt_qazlal_sundering

Skill      XL: |  1  2  3  4  5  6 |
---------------+-------------------+-----
Conjurations   | 2 3 4 |  4.7
Spellcasting   | 2 3 |  3.7
Fire Magic     | 4 5 |  5.6
Dodging        | |  1.5
Stealth        | |  1.5

Action                   |  1- 3 |  4- 6 |  7- 9 || total
-------------------------+-------+-------+-------++-------
Melee: Unarmed           |     3 |       |       ||     3
       Spear             |    41 |    23 |       ||    64
       Dagger            |       |   127 |     5 ||   132
       Whip              |       |       |    17 ||    17
 Fire: Hunting sling     |       |    32 |     5 ||    37
 Cast: Flame Tongue      |    31 |    50 |    18 ||    99
       Throw Flame       |       |     2 |       ||     2
       Conjure Flame     |       |     2 |     2 ||     4
Evoke: Wand              |       |     4 |       ||     4
 Stab: Sleeping          |       |     5 |       ||     5
  Eat: Chunk             |     2 |     8 |     1 ||    11
Armor: Robe              |    18 |    41 |     5 ||    64
Dodge: Dodged            |    43 |   132 |    16 ||   191

Table legend:
 A = Spawn XP
 B = Non-spawn XP
 C = Spawn XP percentage of total XP
 D = Spawn monster count
 E = Non-spawn monster count
 F = Spawn count percentage of total count
 G = Total turns spent on level
                    A         B        C        D         E        F      G
               +---------+---------+-------+---------+---------+-------+---------
         Total |       0 |     870 |   0.0 |       0 |      95 |   0.0 |  3942
               +---------+---------+-------+---------+---------+-------+---------
           D:1 |       0 |      36 |   0.0 |       0 |      19 |   0.0 |   868
           D:2 |       0 |     172 |   0.0 |       0 |      32 |   0.0 |  1262
           D:3 |       0 |     130 |   0.0 |       0 |      26 |   0.0 |   993
           D:4 |       0 |     532 |   0.0 |       0 |      18 |   0.0 |   819
               +---------+---------+-------+---------+---------+-------+---------
